 Dungeon Crawl Stone Soup version 0.27-a0-1591-gc56fcc985a (webtiles) character file.

Game seed: 9662174740378244916

3549 robertstho the Covert (level 10, -3/97 (103) HPs)
             Began as an Octopode Monk on July 19, 2021.
             Was a Believer of Dithmenos.
             Slain by a two-headed ogre (7 damage)
             ... on level 8 of the Dungeon.
             The game lasted 00:12:21 (6525 turns).

robertstho the Covert (Octopode Monk)               Turns: 6525, Time: 00:12:21

HP:   -3/97 (103)   AC:  9    Str: 11    XL:     10   Next: 9%
MP:   10/10         EV: 16    Int: 13    God:    Dithmenos [**....]
Gold: 165           SH:  0    Dex: 17    Spells: 6/9 levels left

rFire    . . .     SeeInvis .   c - +0 quarterstaff (spect)
rCold    . . .     Faith    .   (shield currently unavailable)
rNeg     . . .     Spirit   .   (helmet restricted)
rPois    +         Reflect  .   (no amulet)
rElec    .         Harm     .   b - +4 ring of protection
rCorr    .         Rampage  .   d - ring of poison resistance
Will     .....                  j - +4 ring of protection
Stlth    ..........             l - ring of wizardry
HPRegen  0.26/turn              (no ring)
MPRegen  0.12/turn              (no ring)
                                (no ring)
                                (no ring)

@: berserking, wreathed by umbra, drained, very quick
A: almost no armour, amphibious, 8 rings, camouflage 1, gelatinous body 1,
(nimble swimmer 1), tentacles
a: Renounce Religion, Shadow Step


You were on level 8 of the Dungeon.
You worshipped Dithmenos.
Dithmenos was pleased with you.
You visited 2 branches of the dungeon, and saw 9 of its levels.

You collected 377 gold pieces.
You spent 212 gold pieces at shops.

Inventory:

Hand Weapons
 a - a +0 short sword
 c - a +0 spectral quarterstaff (weapon)
 t - a +4 long sword of holy wrath
Jewellery
 b - a +4 ring of protection (left tentacle)
 d - a ring of poison resistance (right tentacle)
 j - a +4 ring of protection (on tentacle)
 l - a ring of wizardry (on tentacle)
Wands
 h - a wand of iceblast (19)
 o - a wand of flame (12)
Scrolls
 e - 2 scrolls of immolation
 f - 3 scrolls of fog
 g - a scroll of silence
 i - a scroll of enchant armour
 n - 2 scrolls of blinking
 p - a scroll of fear
 r - a scroll of teleportation
 s - a scroll of amnesia
 v - 2 scrolls of vulnerability
 y - a scroll of holy word {unknown}
Potions
 k - 2 potions of curing
 m - a potion of magic
 u - a potion of brilliance {unknown}
 w - a potion of flight
 x - 2 potions of might
 z - 3 potions of heal wounds {unknown}
 A - 2 potions of lignification {unknown}


   Skills:
 * Level 6.4 Fighting
 + Level 3.2 Short Blades
 + Level 6.8 Staves
 * Level 6.5 Dodging
 * Level 12.6 Stealth
 + Level 0.1 Spellcasting
 + Level 1.2 Evocations


You had 6 spell levels left.
You knew the following spells:

 Your Spells              Type           Power      Damage    Failure   Level
a - Frozen Ramparts       Ice            0%         1d2       34%         3

Your spell library contained the following spells:

 Spells                   Type           Power      Damage    Failure   Level
 Poisonous Vapours        Pois/Air       0%         N/A       19%         2
 Slow                     Hex            0%         N/A       19%         2
 Confusing Touch          Hex            0%         N/A       34%         3
 Mephitic Cloud           Conj/Pois/Air  0%         N/A       34%         3
 Vampiric Draining        Necr           0%         2d6       34%         3
 Ice Form                 Ice/Tmut       0%         N/A       73%         4
 Summon Ice Beast         Ice/Summ       0%         N/A       73%         4
 Freezing Cloud           Conj/Ice/Air   0%         6-21      96%         5


Dungeon Overview and Level Annotations

Branches:
Dungeon (8/15)             Temple (1/1) D:6
   Lair: D:8-11

Altars:
Ashenzari
Cheibriados
Dithmenos
Elyvilon
Fedhas
Gozag
Hepliaklqana
Kikubaaqudgha
Makhleb
Nemelex Xobeh
Okawaru
Qazlal
Ru
Sif Muna
Trog
Uskayaw
Vehumet
Wu Jian
Xom
Yredelemnul
Zin
The Shining One
Beogh

Shops:
D:2 *   D:3 =[=   D:4 **   D:5 ?

Annotations:
D:3 3 runed translucent doors, CowFu's ghost, novice GnWn
D:4 2 transporters
D:6 2 transporters


Innate Abilities, Weirdness & Mutations

You cannot wear most types of armour.
You are amphibious.
You can wear up to eight rings at the same time.
Your skin changes colour to match your surroundings (Stealth+).
Your rubbery body absorbs attacks. (AC +1, EV +1)
((You are camouflaged near water. (Stealth+)))
You have tentacles for arms and can constrict up to eight enemies at once.


Message History

The two-headed ogre barely misses you.
You sock the wight!
The wight is almost destroyed.
You constrict the wight, but do no damage.
The wight hits you with a +0 short sword.
You feel drained.
The two-headed ogre hits you with a +0 giant club.
The two-headed ogre barely misses you.
A red film seems to cover your vision as you go berserk!
You feel yourself moving faster!
You feel mighty!
You constrict the wight, but do no damage.
The wight hits you with a +0 short sword.
The two-headed ogre closely misses you.
The two-headed ogre hits you with a +0 giant spiked club!
You barely miss the two-headed ogre. You constrict the wight.
The wight hits you but does no damage.
You sock the two-headed ogre!
The two-headed ogre is moderately wounded.
You constrict the wight, but do no damage.
The wight closely misses you. The two-headed ogre misses you.
The two-headed ogre hits you with a +0 giant spiked club!!
You barely miss the two-headed ogre.
The two-headed ogre is moderately wounded.
You constrict the wight.
You destroy the wight!
Dithmenos accepts your kill.
You sock the two-headed ogre!
The two-headed ogre is moderately wounded.
The two-headed ogre hits you with a +0 giant club!
* * * LOW HITPOINT WARNING * * *
The two-headed ogre misses you.
You hit the two-headed ogre. You squeeze the two-headed ogre!!
The two-headed ogre is almost dead.
The wight closely misses you.
You completely miss the two-headed ogre.
The two-headed ogre is almost dead.
The two-headed ogre hits you with a +0 giant club!!
* * * LOW HITPOINT WARNING * * *
The two-headed ogre hits you with a +0 giant spiked club!
You die...

.# ##'##
.# #.#####
.# #.##..
##.##.#
##...#.#
#......#
##...#.#
##.##O##
#.#.#@#
...###z..#
##.#
.....# #.#
......# #
###...!
##.. .


You could see a two-headed ogre and a wight.

Vanquished Creatures
  Maggie (D:6)
  A troll (D:7)
  Grinder (D:4)
  Sigmund (D:3)
  A wyvern (D:7)
  A steam dragon (D:6)
  Menkaure (D:6)
  3 water moccasins
  A sky beast (D:6)
  A black bear (D:7)
  A necrophage (D:5)
  6 ogres
  2 phantoms
  Blork the orc (D:6)
  A bullfrog (D:7)
  3 scorpions
  A wyvern skeleton (D:7)
  A wight (D:8)
  A howler monkey (D:4)
  3 hounds
  2 orc priests (D:7)
  A jelly (D:4)
  A bullfrog skeleton (D:6)
  Jessica (D:3)
  Ijyb (D:3)
  Natasha (twice) (D:3)
  3 iguanas
  3 orc wizards
  3 gnolls (D:3)
  7 adders
  A shadow imp (D:7)
  A white imp (D:6)
  An adder skeleton (D:4)
  2 worms
  10 orcs
  7 ball pythons
  5 endoplasms
  4 giant cockroaches
  9 goblins
  10 hobgoblins
  8 jackals
  2 quokkas
  6 bats
  A frilled lizard (D:1)
  4 kobolds
  4 rats
131 creatures vanquished.

Vanquished Creatures (others)
  3 plants (D:5)
3 creatures vanquished.

Grand Total: 134 creatures vanquished

Notes
Turn   | Place    | Note
-------+----------+-------------------------------------------
     0 | D:1      | robertstho the Octopode Monk began the quest for the Orb.
     0 | D:1      | Reached XP level 1. HP: 16/16 MP: 1/1
   105 | D:1      | Reached XP level 2. HP: 18/21 MP: 2/2
   183 | D:1      | Reached skill level 3 in Stealth
   533 | D:2      | Reached XP level 3. HP: 24/26 MP: 3/3
   857 | D:2      | Found Leguh's Assorted Antiques.
  1079 | D:2      | Reached XP level 4. HP: 31/31 MP: 4/4
  1243 | D:3      | Noticed Sigmund
  1250 | D:3      | Found Siete's Armour Boutique.
  1283 | D:4      | Reached skill level 1 in Staves
  1597 | D:4      | Found Ceku's Assorted Antiques.
  1643 | D:4      | Reached skill level 4 in Stealth
  1810 | D:4      | Noticed an ogre
  1818 | D:4      | Killed an ogre
  1819 | D:4      | Reached XP level 5. HP: 13/37 MP: 5/5
  2200 | D:4      | Found Xynguck's Assorted Antiques.
  2209 | D:4      | Bought a copper ring for 130 gold pieces
  2305 | D:4      | Found a transporter.
  2346 | D:4      | Learned a level 3 spell: Frozen Ramparts
  2434 | D:4      | Reached skill level 5 in Stealth
  2462 | D:4      | Reached XP level 6. HP: 43/43 MP: 6/6
  2481 | D:4      | Found a transporter.
  2635 | D:4      | Noticed Grinder
  2641 | D:4      | Killed Grinder
  2642 | D:4      | Reached skill level 6 in Stealth
  2642 | D:4      | Reached XP level 7. HP: 49/49 MP: 7/7
  3050 | D:3      | Killed Sigmund
  3106 | D:3      | Found Pyiggin's Jewellery Shop.
  3363 | D:3      | Found Bausade's Jewellery Shop.
  3497 | D:3      | Found a runed translucent gate.
  3497 | D:3      | Found a runed translucent gate.
  3498 | D:3      | Found a runed translucent gate.
  3498 | D:3      | Noticed CowFu's ghost (novice GnWn)
  3712 | D:3      | Noticed Ijyb
  3717 | D:3      | Noticed Jessica
  3721 | D:3      | Killed Ijyb
  3722 | D:3      | Killed Jessica
  3798 | D:3      | Noticed Natasha
  3801 | D:3      | Killed Natasha
  3802 | D:3      | Reached skill level 7 in Stealth
  3956 | D:3      | Noticed Natasha
  3964 | D:3      | Killed Natasha
  3965 | D:3      | Reached skill level 5 in Dodging
  4021 | D:5      | Entered Level 5 of the Dungeon
  4027 | D:5      | Reached XP level 8. HP: 53/54 MP: 8/8
  4049 | D:5      | Reached skill level 5 in Fighting
  4077 | D:5      | Reached skill level 1 in Evocations
  4084 | D:5      | Reached skill level 8 in Stealth
  4143 | D:5      | Found Qoasewk's Magic Scroll Boutique.
  4146 | D:5      | Bought a scroll of fog for 22 gold pieces
  4146 | D:5      | Bought a scroll of fear for 38 gold pieces
  4146 | D:5      | Bought a scroll of identify for 22 gold pieces
  4165 | D:5      | Found a hazy altar of Hepliaklqana.
  4376 | D:5      | Reached skill level 9 in Stealth
  4419 | D:5      | Reached skill level 5 in Staves
  4707 | D:6      | Noticed Blork the orc
  4722 | D:6      | Killed Blork the orc
  4723 | D:6      | Reached XP level 9. HP: 52/61 MP: 9/9
  4766 | D:6      | Reached skill level 10 in Stealth
  4936 | D:6      | Noticed Menkaure
  4944 | D:6      | Killed Menkaure
  4951 | D:6      | Noticed Maggie
  4963 | D:6      | Killed Maggie
  5015 | D:6      | Found a staircase to the Ecumenical Temple.
  5025 | D:6      | Reached skill level 11 in Stealth
  5205 | Temple   | Entered the Ecumenical Temple
  5315 | Temple   | Became a worshipper of Dithmenos the Shadowed
  5315 | Temple   | Reached * piety under Dithmenos
  5315 | Temple   | Reached ** piety under Dithmenos
  5372 | D:6      | Found a transporter.
  5498 | D:6      | Found a transporter.
  5557 | D:7      | Noticed a troll
  5563 | D:7      | Killed a troll
  5994 | D:7      | Reached skill level 12 in Stealth
  6013 | D:7      | Reached XP level 10. HP: 69/69 MP: 10/10
  6509 | D:8      | Noticed a two-headed ogre
  6525 | D:8      | HP: 4/97 [two-headed ogre (20)]
  6525 | D:8      | Slain by a two-headed ogre

Illustrated notes

Levels and vault maps discovered:
D:1:      amcnicky_arrival_double_pillar, layout_rooms
D:2:      cheibrodos_greedy_goblins, layout_basic, serial_shops, shop,
          nrook_loot_triangle
D:3:      layout_loops_corners, serial_shops, shop, nicolae_lakefront_shop,
          nicolae_square_shop, biasface_ghost_orc_armoury, uniq_jessica,
          uniq_ijyb, uniq_natasha, uniq_sigmund
D:4:      gammafunk_steamed_eel, layout_basic, serial_shops,
          nicolae_stop_n_shop_1, nicolae_lakefront_shop, minmay_quantized,
          uniq_grinder
D:5:      layout_cave_pools, nicolae_hepliaklqana_hazy_memory, serial_shops,
          shop, columned_hall_lemuel, kennysheep_nub
D:6:      gammafunk_cloud_chamber, layout_rooms, minmay_temple_entry_overgrown,
          uniq_menkaure, uniq_blork_the_orc, uniq_maggie
D:7:      layout_basic
D:8:      layout_loops_corners, serial_shops, nicolae_shop_waterfront,
          eino_curves_02, amcnicky_mini_pool_medium
Temple:   kilobyte_greek_temple

Skill      XL: |  1  2  3  4  5  6  7  8  9 |
---------------+----------------------------+-----
Stealth        | 3 4 5 6 7 9 12 | 12.6
Staves         | 2 3 4 5 6 |  6.8
Fighting       | 4 5 6 |  6.4
Dodging        | 4 5 6 |  6.5
Evocations     | 1 |  1.2
Short Blades   | |  3.2
Spellcasting   | |  0.1

Action                   |  1- 3 |  4- 6 |  7- 9 | 10-12 || total
-------------------------+-------+-------+-------+-------++-------
Melee: Short sword       |    17 |       |       |       ||    17
       Constrict         |    15 |    11 |    26 |     3 ||    55
       Tentacles         |     9 |     8 |    22 |     4 ||    43
       Quarterstaff      |    40 |    36 |   119 |    19 ||   214
Evoke: Wand              |       |     2 |     5 |       ||     7
  Use: Potion            |       |     1 |       |     1 ||     2
       Scroll            |       |       |    12 |       ||    12
 Stab: Sleeping          |     7 |     7 |    22 |     3 ||    39
       Distracted        |       |       |     4 |       ||     4
Armor: Skin              |    10 |     8 |    20 |     3 ||    41
Dodge: Dodged            |    32 |    17 |    60 |    11 ||   120

Table legend: (Time is in decaauts)
 A = Elapsed time spent in this place.
 B = Non-inter-level travel time spent in this place.
 C = Inter-level travel time spent in this place.
 D = Time resting spent in this place.
 E = Time spent auto-exploring this place.
 F = Levels seen in this place.
 G = Mean time per level.
                   A        B        C        D        E       F      G
               +--------+--------+--------+--------+--------+-----+--------+
         Total |   6549 |   6335 |    214 |    677 |   4773 |   9 |  727.7 |
       Dungeon |   6396 |   6224 |    172 |    677 |   4679 |   8 |  799.5 |
        Temple |    152 |    110 |     42 |      0 |     94 |   1 |  152.0 |
               +--------+--------+--------+--------+--------+-----+--------+

Top non-repeatable levels by time:
     D:4: 1777 daAuts
     D:3: 1088 daAuts
     D:7: 916 daAuts
     D:2: 704 daAuts
     D:5: 679 daAuts
     D:6: 669 daAuts
     D:1: 474 daAuts
  Temple: 152 daAuts
     D:8: 86 daAuts
